 Dungeon Crawl Stone Soup version 0.31.0-11-ge490571c62 (webtiles) character file.

Game seed: 9652320141048130980

50 qw the Shooter (level 3, 0/18 HPs)
             Began as a Spriggan Hunter on Feb 3, 2024.
             Slain by Sigmund
             ... wielding a +2 scythe of flaming
              (11 damage)
             ... on level 2 of the Dungeon.
             The game lasted 00:00:03 (1038 turns).

qw the Shooter (Spriggan Hunter)                    Turns: 1038, Time: 00:00:04

Health: 0/18       AC:  2    Str:  7    XL:     3   Next: 55%
Magic:  4/4        EV: 19    Int: 10    God:
Gold:   115        SH:  0    Dex: 20    Spells: 2/2 levels left

rFire   . . .        a - +0 shortbow
rCold   . . .        (shield currently unavailable)
rNeg    . . .        c - +0 robe
rPois   .            (helmet restricted)
rElec   .            (no cloak)
rCorr   .            (gloves unavailable)
SInv    +            (boots unavailable)
Will    .....        (no amulet)
Stlth   ++           (no ring)
HPRegen 0.23/turn    (no ring)
MPRegen 0.09/turn

%: no passive effects
@: very quick
A: very small, no large weapons, unfitting armour, see invisible, speed 3
a: no special abilities


You were on level 2 of the Dungeon.
You visited 1 branch of the dungeon, and saw 2 of its levels.

You collected 115 gold pieces.


Innate Abilities, Weirdness & Mutations

You are very small and have problems with some larger weapons.
You are too small for most types of armour.
You have supernaturally acute eyesight. (SInv)
You cover ground extremely quickly. (Speed+++)


   Skills:
 - Level 1.5 Fighting
 + Level 4.8 Ranged Weapons
 - Level 4.0 Dodging
 - Level 1.5 Stealth


You had 2 spell levels left.
You didn't know any spells.
Your spell library was empty.

Inventory:

Hand Weapons
 a - a +0 shortbow (weapon)
Armour
 c - a +0 robe (worn)
Jewellery
 g - a ring of willpower
Scrolls
 b - 3 scrolls of identify {unknown}
 e - a scroll of teleportation
 f - 2 scrolls of fog {unknown}
Potions
 d - a potion of haste {unknown}

Dungeon Overview and Level Annotations

Branches:
Dungeon (2/15)

Altars:

Annotations:
D:2 Sigmund


Message History

b - 3 scrolls labelled XEJOYNIUMOQ (gained 1)
e - a scroll of teleportation A kobold comes into view.
It is wielding a +0 club and quivering poisoned darts.
You shoot an arrow.
The arrow hits the kobold but does no damage.
The kobold shouts!
The kobold throws a poisoned dart.
The poisoned dart barely misses you.
You shoot an arrow. The arrow hits the kobold.
You kill the kobold!
Things that are here:
a +0 club; 6 poisoned darts You open the door.
There is an open door here.
You see here a ball python corpse.
A hobgoblin comes into view.
Found an encrusted moonstone ring.
You shoot an arrow. The arrow hits the hobgoblin!
You kill the hobgoblin!
You see here a hobgoblin corpse.
g - a ring of willpower You now have 115 gold pieces (gained 11).
You see here a +0 sling.
Sigmund the Dreaded comes into view.
He is wielding a +2 scythe of flaming.
Found a stone staircase leading down.
You shoot an arrow. The arrow hits Sigmund!
Sigmund shouts!
Sigmund is moderately wounded.
You hear a loud squeak.
You shoot an arrow. The arrow hits Sigmund.
Sigmund is heavily wounded.
Sigmund smiles chillingly.
You shoot an arrow. The arrow completely misses Sigmund.
Sigmund hits you from afar with a +2 scythe of flaming.
Sigmund burns you.
A rat comes into view.
You shoot an arrow. The arrow completely misses Sigmund.
Sigmund hits you from afar with a +2 scythe of flaming!
Ouch! That really hurt!
You die...
Sigmund begins carving another notch in his scythe.

....# ....# ....# ....#
####### ....# #.....#
.@..##.
##.....#########.......
##..............@......>
........############r...
...###### . ...# #### #


You could see Sigmund and a rat.

Vanquished Creatures
  Jessica (D:2)
  An adder (D:2)
  2 bats (D:1)
  2 endoplasms (D:1)
  3 hobgoblins
  2 ball pythons
  3 frilled lizards (D:1)
  2 kobolds
  2 rats (D:1)
18 creatures vanquished.

Notes
Turn   | Place    | Note
-------+----------+-------------------------------------------
     0 | D:1      | qw the Spriggan Hunter began the quest for the Orb.
     0 | D:1      | Reached XP level 1. HP: 10/10 MP: 2/2
     0 | D:1      | 0 ||| qw: Version: 0.3-a-157-g843a77d
     0 | D:1      | 0 ||| qw: Game counter: 4016
     0 | D:1      | 0 ||| qw: Melee chars always use a shield: true
     0 | D:1      | 0 ||| qw: God list: Okawaru
     0 | D:1      | 0 ||| qw: Allow faded altars: false
     0 | D:1      | 0 ||| qw: Do Orc after clearing Dungeon:15 true
     0 | D:1      | 0 ||| qw: Do second Lair branch before Depths: true
     0 | D:1      | 0 ||| qw: Lair rune preference: random
     0 | D:1      | 0 ||| qw: Goals: Normal
     0 | D:1      | 0 ||| PLANNING D:1-11
     3 | D:1      | You fall into a shaft and drop 1 floor!
    67 | D:2      | Reached skill level 3 in Dodging
    67 | D:2      | Reached XP level 2. HP: 10/14 MP: 3/3
    84 | D:2      | 84 ||| DROPPING scroll of butterflies.
   158 | D:1      | Found a faded altar of an unknown god.
   664 | D:1      | 664 ||| READING scroll labelled KEXUIRH XELIWU.
   669 | D:1      | 669 ||| READING scroll labelled JYPAID MOAGH.
   770 | D:1      | 770 ||| DRINKING 2 green potions.
   844 | D:2      | Noticed Jessica
   850 | D:2      | 850 ||| FLEEEEING.
   851 | D:2      | 851 ||| FLEEEEING.
   853 | D:2      | 853 ||| FLEEEEING.
   856 | D:2      | HP: 1/14 [Jessica/nerve-wracking pain (10)]
   857 | D:2      | 857 ||| DRINKING potion of heal wounds.
   860 | D:2      | Killed Jessica
   861 | D:2      | Reached XP level 3. HP: 12/18 MP: 4/4
  1034 | D:2      | Noticed Sigmund
  1038 | D:2      | Slain by Sigmund

Levels and vault maps discovered:
D:1:      lightli_arrival_farm, layout_basic, chequers_ecumenical_altar_twisty,
          minmay_heptomino_l4
D:2:      layout_basic, uniq_natasha, uniq_jessica, uniq_sigmund

Skill      XL: |  1  2 |
---------------+-------+-----
Dodging        | 3 4 |  4.0
Fighting       | |  1.5
Ranged Weapons | |  4.8
Stealth        | |  1.5

Action                     || total
---------------------------++-------
   Fire: Shortbow          ||    55
    Use: Scroll            ||     2
         Potion            ||     2
 Armour: Robe              ||     7
  Dodge: Dodged            ||    15

Table legend:
 A = Non-vault XP
 B = Vault XP
 C = Vault XP percentage of total XP
 D = Non-vault monster count
 E = Vault monster count
 F = Vault count percentage of total count
                 A         B        C        D         E       F
            +---------+---------+-------+---------+---------+-------
      Total |      33 |      39 |  54.2 |      15 |       3 |  16.7
            +---------+---------+-------+---------+---------+-------
        D:1 |      14 |       2 |  12.5 |      10 |       2 |  16.7
        D:2 |      19 |      37 |  66.1 |       5 |       1 |  16.7
            +---------+---------+-------+---------+---------+-------
